 Dungeon Crawl Stone Soup version 0.29.1-15-g9cfb28693d (webtiles) character file.

Game seed: 3052474042680985075

2076951 RitorJet the Minotaur Barricade (level 27, 272/272 HPs)
             Began as a Minotaur Fighter on Apr 2, 2023.
             Was the Champion of Elyvilon.
             Escaped with the Orb
             ... and 4 runes on Apr 3, 2023!
             The game lasted 04:03:50 (91181 turns).

RitorJet the Minotaur Barricade (Minotaur Fighter) Turns: 91181, Time: 04:03:51

Health: 272/272    AC: 42    Str: 33    XL:     27
Magic:  37/37      EV: 23    Int:  7    God:    Elyvilon [******]
Gold:   9434       SH: 24    Dex: 18    Spells: 45/56 levels left

rFire   + + .      SeeInvis .   f - +9 broad axe (spect)
rCold   + + +      Faith    .   F - +5 kite shield {AC+3}
rNeg    + + .      Spirit   +   I - +3 gold dragon scales
rPois   +          Reflect  .   s - +1 hat of Ycseysarosa {rElec rC+ rN++ Stlth-}
rElec   +          Harm     +   j - scarf {rC+ rF+}
rCorr   +          Rampage  .   A - +4 pair of gloves "Picul" {+Blink Will+ Dex+3}
Will    +++++      Rnd*Tele +   y - +2 pair of boots
Stlth   ..........              G - amulet of Yendor {Spirit Harm Will+ rCorr Dex+4}
HPRegen 0.55/turn               U - ring "Saemerol" {Str+6 Dex-3 Slay+4}
MPRegen 0.25/turn               k - ring of the Cockroach {EV+4 Dex+4 Slay+2}

@: studying 5 skills
A: horns 2, retaliatory headbutt, clumsy 1, deterioration 1, low MP 1,
strong-willed 2, robust 1, teleportitis 1, weak 2, no potion heal 1, MP-powered
wands
0: Orb of Zot
}: 4/15 runes: decaying, serpentine, slimy, silver
a: Renounce Religion, Evoke Blink, Purification, Heal Other, Heal Self, Divine
Vigour


You escaped.
You worshipped Elyvilon.
Elyvilon was exalted by your worship.
You visited 10 branches of the dungeon, and saw 52 of its levels.
You visited the Abyss 4 times.
You visited 1 ziggurat, and saw 9 of its levels.
You also visited: Trove, Bailey, Ice Cave and Volcano.

You collected 10947 gold pieces.
You spent 1513 gold pieces at shops.

Inventory:

Hand Weapons
 f - a +9 spectral broad axe (weapon)
 x - a +1 hand axe of flaming
 W - a +2 vorpal broad axe
Armour
 j - a scarf of resistance (worn)
 s - the +1 hat of Ycseysarosa (worn) {rElec rC+ rN++ Stlth-}
   (You found it on level 2 of the Vaults)

   rC:        It protects you from cold.
   rElec:     It insulates you from electricity.
   rN:        It greatly protects you from negative energy.
   Stlth:     It makes you less stealthy.
 y - a +2 pair of boots (worn)
 A - the +4 pair of gloves "Picul" (worn) {+Blink Will+ Dex+3}
   (You found it on level 5 of the Pits of Slime)

   Dex:       It affects your dexterity (+3).
   +Blink:    It lets you blink.
   Will:      It increases your willpower.
 F - a +5 kite shield of protection (worn)
 I - +3 gold dragon scales (worn)
 L - the +12 plate armour "Jiojaocu" {Str+6}
   (You acquired it on level 10 of the Dungeon)

   Str:       It affects your strength (+6).
 Y - the +4 dragonskin cloak
   (You took it off Tiamat on level 4 of the Realm of Zot)

   It grants the wearer a chance to resist fire, cold, poison, electricity,
   acid, and negative energy.
Jewellery
 e - the ring of Weiwir {*Slow rC+ rCorr MP+9 Dex+4}
   (You found it on level 5 of a ziggurat)

   [ring of magical power]

   Dex:       It affects your dexterity (+4).
   rC:        It protects you from cold.
   MP:        It affects your magic capacity (+9).
   rCorr:     It protects you from acid and corrosion.
   *Slow:     It may slow you when you take damage.
 h - the dreamshard necklace {*Dream Drain}
   (You found it on level 4 of a ziggurat)

   [amulet of nothing]

   It shatters if its wearer takes lethal or near-lethal damage, preventing the
   blow and releasing protective dreams that heal and fight for the wearer.
   Drain:     It drains your maximum health when unequipped.
 k - the ring of the Cockroach (right hand) {EV+4 Dex+4 Slay+2}
   (You found it on level 1 of the Realm of Zot)

   [ring of evasion]

   EV:        It affects your evasion (+4).
   Dex:       It affects your dexterity (+4).
   Slay:      It affects your accuracy & damage with ranged weapons and melee
   (+2).
 r - a ring of resist corrosion
 v - an amulet of reflection
 z - the ring of Dawn {rF+ rC+ AC+4 Stlth+}
   (You found it on level 2 of the Realm of Zot)

   [ring of protection]

   AC:        It affects your AC (+4).
   rF:        It protects you from fire.
   rC:        It protects you from cold.
   Stlth:     It makes you more stealthy.
 G - the amulet of Yendor (around neck) {Spirit Harm Will+ rCorr Dex+4}
   (You found it on level 2 of the Realm of Zot)

   [amulet of guardian spirit]

   It causes incoming damage to be divided between your reserves of health and
   magic.
   Dex:       It affects your dexterity (+4).
   rCorr:     It protects you from acid and corrosion.
   Harm:      It increases damage dealt and taken.
   Will:      It increases your willpower.
 O - the ring "Hocvidgh" {rN+ Will- MP+9 Int+3 Slay+2}
   (You found it on level 4 of the Realm of Zot)

   [ring of magical power]

   Int:       It affects your intelligence (+3).
   Slay:      It affects your accuracy & damage with ranged weapons and melee
   (+2).
   rN:        It protects you from negative energy.
   MP:        It affects your magic capacity (+9).
   Will:      It decreases your willpower.
 S - the ring "Xoel" {rPois rN+ Int+3 Slay+2 SInv}
   (You took it off a deep elf sorcerer on level 3 of the Elven Halls)

   [ring of see invisible]

   Int:       It affects your intelligence (+3).
   Slay:      It affects your accuracy & damage with ranged weapons and melee
   (+2).
   rPois:     It protects you from poison.
   rN:        It protects you from negative energy.
   SInv:      It lets you see invisible.
 U - the ring "Saemerol" (left hand) {Str+6 Dex-3 Slay+4}
   (You took it off a deep elf demonologist on level 3 of the Elven Halls)

   [ring of strength]

   Str:       It affects your strength (+6).
   Dex:       It affects your dexterity (-3).
   Slay:      It affects your accuracy & damage with ranged weapons and melee
   (+4).
 Z - the ring of Finality {rC+ EV+4}
   (You found it on level 3 of a ziggurat)

   [ring of evasion]

   EV:        It affects your evasion (+4).
   rC:        It protects you from cold.
Wands
 b - a wand of digging (10)
 B - a wand of light (29)
 P - a wand of iceblast (45)
 Q - a wand of mindburst (15)
Scrolls
 l - 4 scrolls of silence
 p - 4 scrolls of teleportation
 C - 10 scrolls of fear
 D - 9 scrolls of amnesia
 E - a scroll of poison
 J - 10 scrolls of fog
 M - 4 scrolls of enchant weapon
 N - 5 scrolls of brand weapon
 R - 2 scrolls of summoning
 T - 6 scrolls of blinking
 X - 8 scrolls of magic mapping
Potions
 d - 4 potions of might
 g - 4 potions of cancellation
 i - 3 potions of invisibility
 n - 11 potions of magic
 o - 6 potions of berserk rage
 q - 3 potions of haste
 t - 15 potions of curing
 u - 4 potions of heal wounds
 K - 4 potions of resistance
 V - 3 potions of mutation
Miscellaneous
 a - a phantom mirror
 c - a phantom mirror
 m - a phantom mirror
 w - a phantom mirror
 H - a phantom mirror


   Skills:
 - Level 20.6 Fighting
 - Level 20.1 Axes
 - Level 23.8 Armour
 - Level 21.9 Dodging
 O Level 27 Shields
 + Level 15.3 Spellcasting
 + Level 11.4 Hexes
 + Level 11.4 Transmutations
 - Level 17.9 Invocations


You had 45 spell levels left.
You knew the following spells:

 Your Spells              Type           Power      Damage    Failure   Level
a - Wereblood             Tmut           21%        N/A       1%          2
b - Cause Fear            Hex            10%        N/A       5%          4
c - Silence               Hex/Air        6%         N/A       83%         5

Your spell library contained the following spells:

 Spells                   Type           Power      Damage    Failure   Level
 Beastly Appendage        Tmut           42%        N/A       1%          1
 Slow                     Hex            84%        N/A       1%          1
 Confusing Touch          Hex            21%        N/A       1%          3
 Tukima's Dance           Hex            21%        N/A       1%          3
 Sting                    Tmut/Pois      52%        1d5       5%          1
 Ensorcelled Hibernation  Hex/Ice        26%        N/A       9%          2
 Passwall                 Tmut/Erth      10%        N/A       9%          2
 Blade Hands              Tmut           10%        N/A       14%         5
 Dazzling Flash           Conj/Hex       26%        N/A       17%         3
 Inner Flame              Hex/Fire       13%        N/A       17%         3
 Portal Projectile        Hex/Tloc       26%        N/A       17%         3
 Spider Form              Tmut/Pois      13%        N/A       17%         3
 Summon Guardian Golem    Hex/Summ       13%        N/A       17%         3
 Fulminant Prism          Conj/Hex       6%         3d7       50%         4
 Ice Form                 Ice/Tmut       13%        N/A       50%         4
 Petrify                  Tmut/Erth      13%        N/A       50%         4
 Apportation              Tloc           10%        N/A       52%         1
 Foxfire                  Conj/Fire      20%        2x1d5     52%         1
 Freeze                   Ice            20%        1d4       52%         1
 Magic Dart               Conj           20%        1d4       52%         1
 Necrotise                Necr           20%        1d5       52%         1
 Sandblast                Erth           10%        2d5       52%         1
 Shock                    Conj/Air       20%        1d4       52%         1
 Summon Small Mammal      Summ           20%        N/A       52%         1
 Blink                    Tloc           10%        N/A       65%         2
 Call Imp                 Summ           5%         N/A       65%         2
 Poisonous Vapours        Pois/Air       10%        N/A       65%         2
 Scorch                   Fire           10%        2d6       65%         2
 Searing Ray              Conj           10%        2d4       65%         2
 Static Discharge         Conj/Air       5%         3-4/arc   65%         2
 Sublimation of Blood     Necr           5%         N/A       65%         2
 Alistair's Intoxication  Tmut/Pois      8%         N/A       83%         5
 Irradiate                Conj/Tmut      6%         3d13      83%         5
 Metabolic Englaciation   Hex/Ice        6%         N/A       83%         5
 Summon Mana Viper        Hex/Summ       13%        N/A       83%         5
 Conjure Flame            Conj/Fire      5%         6-21      87%         3
 Frozen Ramparts          Ice            10%        1d2       87%         3
 Mephitic Cloud           Conj/Pois/Air  5%         N/A       87%         3
 Ozocubu's Armour         Ice            5%         N/A       87%         3
 Stone Arrow              Conj/Erth      10%        3d7       87%         3
 Swiftness                Air            5%         N/A       87%         3
 Vampiric Draining        Necr           5%         2d6       87%         3
 Airstrike                Air            2%         2d(1-17)  99%         4
 Animate Dead             Necr           5%         N/A       99%         4
 Corpse Rot               Necr/Pois/Air  5%         N/A       99%         4
 Dispel Undead            Necr           5%         3d7       99%         4
 Flame Wave               Conj/Fire      5%         2d5       99%         4
 Hailstorm                Conj/Ice       5%         3d4       99%         4
 Iskenderun's Mystic Bla  Conj/Tloc      5%         2d3       99%         4
 Olgreb's Toxic Radiance  Pois           5%         N/A       99%         4
 Sticky Flame             Conj/Fire      5%         2d3       99%         4
 Summon Ice Beast         Ice/Summ       5%         N/A       99%         4
 Summon Lightning Spire   Summ/Air       5%         N/A       99%         4
 Dragon Form              Tmut           10%        N/A       99%         7
 Agony                    Necr           5%         N/A       100%        5
 Borgnjor's Vile Clutch   Necr/Erth      2%         N/A       100%        5
 Fireball                 Conj/Fire      2%         3d4       100%        5
 Freezing Cloud           Conj/Ice/Air   2%         6-21      100%        5
 Iskenderun's Battlesphe  Conj           5%         2d6       100%        5
 Lightning Bolt           Conj/Air       2%         1d14      100%        5
 Manifold Assault         Tloc           5%         N/A       100%        5
 Death Channel            Necr           2%         N/A       100%        6
 Iron Shot                Conj/Erth      2%         9d2       100%        6
 Simulacrum               Ice/Necr       2%         N/A       100%        6
 Starburst                Conj/Fire      2%         6d3       100%        6
 Summon Cactus Giant      Summ           2%         N/A       100%        6
 Haunt                    Necr/Summ      2%         N/A       100%        7
 Monstrous Menagerie      Summ           2%         N/A       100%        7
 Ozocubu's Refrigeration  Ice            2%         4d8       100%        7
 Spellforged Servitor     Conj/Summ      2%         N/A       100%        7
 Storm Form               Tmut/Air       6%         N/A       100%        7
 Summon Hydra             Summ           2%         N/A       100%        7
 Discord                  Hex            10%        N/A       100%        8
 Ignition                 Fire           2%         3d3       100%        8
 Infestation              Necr           2%         N/A       100%        8
 Maxwell's Capacitive Co  Air            2%         ∞         100%        8
 Chain Lightning          Conj/Air       2%         3d3       100%        9
 Fire Storm               Conj/Fire      2%         8d1       100%        9
 Polar Vortex             Ice            2%         N/A       100%        9


Dungeon Overview and Level Annotations

Branches:
Dungeon (15/15)            Temple (0/1) D:5            Lair (5/5) D:8
  Swamp (4/4) Lair:3        Snake (4/4) Lair:3        Slime (5/5) Lair:4
    Orc (2/2) D:12            Elf (3/3) Orc:2        Vaults (5/5) D:13
  Crypt (0/3) Vaults:2     Depths (4/4) D:15            Zot (5/5) Depths:4
 Bailey (visited)           IceCv (visited)         Volcano (visited)

Altars:
Cheibriados
Dithmenos
Elyvilon
Fedhas
Gozag
Kikubaaqudgha
Nemelex Xobeh
Okawaru
Qazlal
Sif Muna
Trog
Wu Jian
Xom
Yredelemnul
Jiyva
Lugonu

Shops:
D:3 [   Orc:2 *(((   Elf:1 *   Elf:2 *   Elf:3 (   Vaults:1 (   Vaults:2 [
Vaults:5 ([   Depths:4 :

Portals:
Hell: Depths:1 Depths:2 Depths:3 Depths:4
Abyss: Depths:1 Depths:3 Depths:4
Pandemonium: Depths:2 Depths:3

Annotations:
D:3 2 transporters, windycow's ghost, amateur DsGl
Vaults:4 4 transporters, Nornya's ghost, veteran MfSu
Zot:4 4 transporters
Zot:5 exclusion: orange crystal statue


Innate Abilities, Weirdness & Mutations

You have a pair of horns on your head.
You reflexively headbutt those who attack you in melee.
You are clumsy. (Dex -2)
Your body sometimes deteriorates upon taking damage.
Your magical capacity is low. (-10% MP)
You are highly strong-willed. (Will++)
You are robust. (+10% HP)
You are occasionally teleported next to monsters.
You are very weak. (Str -4)
Potions are less effective at restoring your health.
You expend magic power (3 MP) to strengthen your wands.


Message History

There is a stone staircase leading up here.
You climb upwards.
Level annotation: 2 transporters, windycow's ghost, amateur DsGl
There is a stone staircase leading down here.
There is a stone staircase leading up here.
You climb upwards.
There is a stone staircase leading down here.
A neqoxec comes into view.
You can't go up here!
There is a stone staircase leading up here.
The neqoxec gestures at you.
Something tries to feed on your intellect!
You climb upwards.
There is a stone staircase leading down here.
You see here a +0 dagger.
A shadow demon comes into view.
You closely miss the shadow demon. You headbutt the shadow demon!
The shadow demon is moderately wounded.
Your +9 spectral broad axe hits the shadow demon!
You slice the shadow demon!! You headbutt the shadow demon!
You kill the shadow demon!
An ice devil comes into view.
The ice devil moves out of view.
You block the ice devil's attack.
You hit the ice devil but do no damage. Your headbutt misses the ice devil.
Your +9 spectral broad axe hits the ice devil!
You hit the ice devil but do no damage. Your headbutt misses the ice devil.
The ice devil is heavily wounded.
Your +9 spectral broad axe hits the ice devil!!
The ice devil misses your +9 spectral broad axe.
You slice the ice devil!!
You kill the ice devil!
There is a stone staircase leading down here.
You see here a +4 whip.
There is a fountain of clear blue water here.
There is an open door here.
There is a staircase leading out of the dungeon here.
There is a staircase leading out of the dungeon here.
Unknown command.
You have escaped!

#### #.#....#'### #..#
##.#.⌠....#.######..#
##......#..#.#.......#
#.....####.'.######.##
#####.......#..#.# #.#
.#.>..#.#)⌠....#.# #.#
.....##.#....#'### #.#
.#...##.###..#...# #.#
.##.###......#..@######.#
.##.##############......#
.......###.# #.########
.##.....##.### #.#
.##..........###.#
.##.....##.#.....#
.###...###...#####
.#########.###
...........#


There were no monsters in sight!

Vanquished Creatures
  the Royal Jelly (Slime:5)
  9 dread liches
  6 orbs of fire
  Mara (Depths:1)
  Tiamat (Zot:4)
  9 ancient liches
  A juggernaut (Depths:4)
  A royal mummy (Depths:2)
  Bai Suzhen (Swamp:4)
  6 Killer Klowns
  2 curse toes
  2 golden dragons
  A profane servitor (Zig:9)
  the Enchantress (Depths:1)
  Nikola (Swamp:1)
  2 bone dragons
  An iron giant (Zig:6)
  A Hell Sentinel (Abyss:4)
  Zenata (Vaults:4)
  A hellephant (Depths:2)
  2 electric golems (Zot:5)
  24 tentacled monstrosities
  3 Tzitzimimeh
  2 walking crystal tomes (Depths:4)
  Mlioglotl (Snake:3)
  28 Orb Guardians
  Jorgrun (D:13)
  5 liches
  2 tainted leviathans (Zig:9)
  3 deep elf blademasters
  A walking frostbound tome (Abyss:5)
  7 titans
  21 acid blobs
  A quicksilver dragon (Vaults:5)
  2 deep elf master archers (Elf:3)
  4 sphinxes
  4 thorn hunters (Swamp:4)
  11 tentacled starspawn
  14 death cobs
  Gastronok (Lair:3)
  8 tengu reavers
  12 storm dragons
  The ghost of zergursh the Slayer, a journeyman DrBe of Trog (Snake:1)
  Kirke (D:13)
  12 shadow dragons
  2 draconian monks
  10 nagarajas
  4 draconian knights
  2 iron dragons (Vaults:5)
  15 azure jellies
  A fenstrider witch (Swamp:3)
  4 fire giants
  9 rockslimes
  7 deep elf sorcerers
  8 frost giants
  3 cacodemons
  A ghost moth (shapeshifter) (Vaults:5)
  3 orc warlords
  2 spectral juggernauts (Depths:2)
  Louise (Snake:2)
  4 draconian scorchers
  13 vault wardens
  A spectral caustic shrike (Depths:2)
  4 deep elf elementalists (Elf:3)
  6 draconian annihilators
  5 draconian shifters
  3 draconian stormcallers
  6 ghouls
  Aizul (Vaults:4)
  9 quicksilver oozes
  A reaper (Abyss:5)
  33 very ugly things
  21 ironbound preservers
  12 ironbound thunderhulks
  6 war gargoyles
  A demonspawn corrupter (Abyss:4)
  19 stone giants
  5 spriggan defenders
  14 green draconians
  A putrid mouth (Zig:9)
  4 vampire knights
  3 entropy weavers
  4 eleionomae
  14 yellow draconians
  9 deep elf annihilators (Elf:3)
  8 deep elf demonologists
  15 dire elephants
  5 black draconians
  9 white draconians
  A lorocyproca (Abyss:5)
  A spectral titan (Depths:2)
  17 spark wasps
  3 bunyips
  12 red draconians
  5 green deaths
  10 purple draconians
  Snorg (Orc:1)
  12 ettins
  3 blizzard demons
  3 crystal guardians
  A merfolk javelineer (Depths:1)
  Josephine (D:11)
  2 shambling mangroves
  8 fire dragons
  2 jiangshi (Depths:1)
  3 mummy priests (Depths:2)
  15 yaktaur captains
  11 deep elf death magi
  4 deep elf high priests
  A spectral golden dragon (Depths:2)
  12 great orbs of eyes
  37 vault guards
  4 rakshasas
  A spectral shadow dragon (Depths:2)
  2 hell beasts
  17 hydras
  2 salamander tyrants (Snake:4)
  6 boulder beetles
  A ghost crab (Swamp:2)
  9 ice dragons
  7 ironbound frosthearts
  5 spriggan air magi
  2 peacekeepers
  4 ogre magi
  6 centaur warriors
  A death knight (Abyss:5)
  2 spectral sphinxes (Depths:2)
  9 anacondas
  8 two-headed ogres
  2 spectral frost giants (Depths:2)
  29 dancing weapons
  15 alligators
  2 spectral fire giants (Depths:2)
  6 deep troll shamans
  15 naga warriors
  6 deep troll earth magi
  4 orc high priests
  8 hell hogs (Abyss:5)
  3 tengu warriors
  6 spriggan berserkers
  A hell knight (Zig:5)
  A vampire mage (Depths:1)
  34 thrashing horrors
  12 death yaks
  A spectral storm dragon (Depths:2)
  16 naga sharpshooters
  11 wretched stars
  2 sun demons (Depths:3)
  7 shock serpents
  2 soul eaters
  14 deep elf knights
  5 sixfirhies
  4 iron trolls
  5 spatial maelstroms
  A shadow wraith (Abyss:4)
  A skeletal warrior (Abyss:5)
  33 starcursed masses
  A deep troll (shapeshifter) (Vaults:5)
  7 goliath frogs
  4 glowing orange brains
  4 flayed ghosts
  2 salamander mystics
  2 shadow demons
  4 spectral hydras (Swamp:4)
  7 swamp dragons
  5 wizards
  10 bog bodies
  5 spriggan druids
  3 obsidian statues
  7 deep elf archers
  56 deep trolls
  A tengu zombie (Depths:3)
  14 lindwurms
  10 naga ritualists
  8 phantasmal warriors
  8 harpies
  5 necromancers
  13 ironbound convokers
  8 orc knights
  7 mana vipers
  33 deep elf zephyrmancers
  An iron dragon zombie (Depths:3)
  7 will-o-the-wisps
  4 oklob plants
  36 deep elf pyromancers
  A manticore (shapeshifter) (Vaults:5)
  6 orc sorcerers
  18 salamanders
  32 ugly things
  A fire giant zombie (Depths:3)
  A worldbinder (Abyss:5)
  7 cyclopes
  8 manticores
  5 shining eyes
  24 moths of wrath
  20 vault sentinels
  8 guardian serpents
  5 rust devils
  A guardian serpent (shapeshifter) (D:15)
  36 black mambas
  9 smoke demons
  10 spectral spriggans
  5 orange demons
  26 naga magi
  6 apocalypse crabs
  2 ice statues (IceCv)
  A gargoyle (D:10)
  6 cane toads
  8 unseen horrors
  39 yaktaurs
  5 freezing wraiths
  An unseen horror (shapeshifter) (Abyss:4)
  2 hellions
  A tormentor (Zig:9)
  5 efreet
  3 tengu conjurers
  9 guardian mummies (Depths:2)
  5 rime drakes
  A spectral glowing shapeshifter (Depths:2)
  9 ancient zymes
  11 hellwings
  9 komodo dragons
  3 kobold demonologists (D:9)
  3 red devils
  3 ice devils
  2 polar bears (Lair:5)
  4 death drake zombies (Swamp:4)
  30 hornets
  A hydra zombie (Swamp:4)
  6 trolls
  6 tyrant leeches
  2 silent spectres (Zig:9)
  A bloated husk (Swamp:3)
  8 blink frogs
  A tarantella (shapeshifter) (D:14)
  3 hydra skeletons (Swamp:4)
  A spectral floating eye (Depths:2)
  29 raiju
  6 dream sheep (Lair:5)
  2 death drake skeletons (Swamp:4)
  A jumping spider (Vaults:2)
  94 slime creatures
  A culicivora (Vaults:4)
  5 flying skulls
  A centaur simulacrum (D:14)
  36 spriggans
  A shadow (Abyss:4)
  An air elemental (Elf:1)
  4 hogs (D:13)
  A wyvern (shapeshifter) (Vaults:5)
  A fire bat (shapeshifter) (Depths:1)
  3 ynoxinuls (Abyss:5)
  7 wraiths
  6 wyverns
  A basilisk (Lair:2)
  6 fire bats
  7 water elementals
  14 yaks
  6 chaos spawn
  30 large abominations
  19 humans (D:13)
  16 golden eyes
  3 fire elementals (Elf:1)
  13 small abominations
  2 steam dragons
  6 redbacks
  13 vampire mosquitoes
  2 neqoxecs (Abyss:5)
  14 swamp worms
  Menkaure (D:6)
  An acid dragon (D:10)
  52 nagas
  Edmund (D:6)
  A yaktaur simulacrum (Vaults:2)
  10 spatial vortices
  10 water moccasins
  2 hell hounds (Volcano)
  6 wargs
  3 floating eyes
  2 hydra simulacra (Swamp:4)
  31 orc warriors
  6 swamp drakes
  3 swamp dragon zombies (Swamp:4)
  An ice beast (D:7)
  2 sky beasts
  5 black bears
  15 ogres
  9 boggarts
  28 wolves
  A swamp dragon skeleton (Swamp:4)
  10 centaurs
  2 kobold brigands
  Blork the orc (D:6)
  6 bullfrogs
  A gnoll sergeant (D:9)
  3 scorpions
  3 necrophages
  2 earth elementals
  13 wights
  9 killer bees
  3 lindwurm simulacra (IceCv)
  5 howler monkeys
  9 electric eels
  6 komodo dragon simulacra (IceCv)
  2 jellies
  4 hounds
  A quasit (Abyss:4)
  A gnoll bouda (D:4)
  19 orc priests
  4 iguanas
  30 orc wizards
  5 gnolls (D:9)
  6 acid dragon simulacra (IceCv)
  6 adders
  4 white imps
  5 ufetubi
  6 steam dragon simulacra (IceCv)
  2 worms (D:4)
  2 dart slugs (D:2)
  93 orcs
  8 ball pythons
  8 bats
  8 endoplasms
  3 giant cockroaches
  14 goblins
  6 hobgoblins
  19 kobolds
  4 quokkas
  11 frilled lizards
  3 rats
  6 bushes (Depths:4)
  2 lurking horrors (Abyss:5)
  9 starspawn tentacles
2622 creatures vanquished.

Vanquished Creatures (collateral kills)
  2 naga warriors (Snake:4)
  2 anacondas (Snake:4)
  A naga ritualist (Snake:4)
  A salamander (Snake:4)
  3 guardian serpents (Snake:4)
  A cane toad (Lair:2)
  2 butterflies (Lair:2)
12 creatures vanquished.

Vanquished Creatures (others)
  A deep elf zephyrmancer (Elf:2)
  A worldbinder (Abyss:5)
  A hellion (Abyss:5)
  7 bloated husks
  An air elemental (Elf:2)
  A hound (D:4)
  A jelly (Abyss:5)
  A white imp (Abyss:4)
  A giant cockroach (D:4)
  2 bushes (Depths:4)
  A demonic plant (Abyss:5)
  26 foxfires
  26 fungi
  50 plants
  12 starspawn tentacles
132 creatures vanquished.

Grand Total: 2766 creatures vanquished

Notes
Turn   | Place    | Note
-------+----------+-------------------------------------------
     0 | D:1      | RitorJet the Minotaur Fighter began the quest for the Orb.
     0 | D:1      | Reached XP level 1. HP: 19/19 MP: 0/0
   227 | D:1      | Reached XP level 2. HP: 23/27 MP: 1/1
   323 | D:1      | Found a faded altar of an unknown god.
   331 | D:1      | Reached skill level 4 in Shields
   333 | D:1      | Got Plato's Spellbook of Spellbinding
   334 | D:1      | Prayed at the altar of an unknown god.
   334 | D:1      | Became a worshipper of Elyvilon the Healer
   334 | D:1      | Reached * piety under Elyvilon
   518 | D:1      | Reached XP level 3. HP: 32/33 MP: 2/2
  1203 | D:2      | Reached ** piety under Elyvilon
  1489 | D:2      | Identified the +2 leather armour "Ideptyorr" {rPois}
  1573 | D:2      | Reached XP level 4. HP: 34/40 MP: 3/3
  1899 | D:3      | Reached skill level 1 in Dodging
  2019 | D:3      | Reached skill level 1 in Invocations
  2153 | D:3      | Found Mysookak's Armour Emporium.
  2240 | D:3      | Reached *** piety under Elyvilon
  2339 | D:3      | Noticed windycow's ghost (amateur DsGl)
  2346 | D:3      | Found a transporter.
  2419 | D:3      | Found a transporter.
  2801 | D:4      | Reached XP level 5. HP: 47/47 MP: 4/4
  3050 | D:4      | Found an ornate altar of the Wu Jian Council.
  3287 | D:4      | Reached XP level 6. HP: 28/55 MP: 6/6
  3303 | D:4      | Reached skill level 5 in Fighting
  3303 | D:4      | Reached skill level 5 in Armour
  3303 | D:4      | Reached skill level 5 in Shields
  3307 | D:4      | Found a shimmering altar of Xom.
  3762 | D:4      | Reached XP level 7. HP: 36/61 MP: 7/7
  4670 | D:5      | Entered Level 5 of the Dungeon
  4900 | D:5      | Reached **** piety under Elyvilon
  5205 | D:5      | Found a blossoming altar of Fedhas.
  5371 | D:5      | Reached skill level 5 in Axes
  5371 | D:5      | Found a staircase to the Ecumenical Temple.
  5674 | D:5      | Reached XP level 8. HP: 23/70 MP: 9/9
  5997 | D:3      | Bought the +2 chain mail of the Prince of Darkness {-Cast
                  | rN++} for 275 gold pieces
  6098 | D:6      | Noticed Edmund
  6115 | D:6      | Killed Edmund
  6313 | D:6      | Reached skill level 6 in Shields
  6773 | D:6      | Noticed Blork the orc
  6783 | D:6      | Killed Blork the orc
  6953 | D:6      | Found a shadowy altar of Dithmenos.
  6953 | D:6      | Found a stormy altar of Qazlal.
  7254 | D:6      | Noticed Menkaure
  7269 | D:6      | Killed Menkaure
  7815 | D:6      | Reached skill level 5 in Dodging
  7815 | D:6      | Reached XP level 9. HP: 68/78 MP: 11/11
  8241 | D:7      | Reached ***** piety under Elyvilon
  8345 | D:7      | Reached skill level 7 in Shields
  8802 | D:8      | Reached skill level 5 in Invocations
  9268 | D:8      | Elyvilon protects you from harm!
  9481 | D:8      | Found a staircase to the Lair.
  9636 | D:8      | Paralysed by a hornet for 2 turns
 10017 | D:9      | Noticed a two-headed ogre
 10027 | D:9      | Killed a two-headed ogre
 10028 | D:9      | Reached skill level 8 in Shields
 10028 | D:9      | Reached XP level 10. HP: 37/88 MP: 13/13
 10490 | D:9      | Noticed a soul eater
 11828 | D:9      | Found a bloodstained altar of Trog.
 12150 | Lair:1   | Entered Level 1 of the Lair of Beasts
 12526 | Lair:1   | Identified the +0 tower shield of the Forsaken Youths
                  | {rElec rN++ Int+3 Dex-5}
 12538 | Lair:1   | Reached skill level 9 in Shields
 12571 | Lair:1   | Reached ****** piety under Elyvilon
 12603 | Lair:1   | Noticed a death yak
 12603 | Lair:1   | Noticed a death yak
 12630 | Lair:1   | Killed a death yak
 12864 | Lair:1   | Noticed a death yak
 12864 | Lair:1   | Noticed a death yak
 12866 | Lair:1   | Noticed a death yak
 12875 | Lair:1   | Noticed a death yak
 12880 | Lair:1   | Killed a death yak
 12881 | Lair:1   | Reached XP level 11. HP: 80/97 MP: 14/14
 12890 | Lair:1   | Killed a death yak
 12894 | Lair:1   | Killed a death yak
 12896 | Lair:1   | Killed a death yak
 12903 | Lair:1   | Killed a death yak
 13960 | Lair:1   | Gained mutation: You have an increased reservoir of magic.
                  | (+10% MP) [potion of mutation]
 13960 | Lair:1   | Gained mutation: You are partially covered in iridescent
                  | scales. (AC +2) [potion of mutation]
 14005 | Lair:2   | Reached skill level 10 in Armour
 14126 | Lair:2   | Found a dark tunnel.
 14133 | Volcano  | Entered a volcano
 14416 | Volcano  | Noticed a two-headed ogre
 14423 | Volcano  | Killed a two-headed ogre
 14424 | Volcano  | Reached skill level 10 in Fighting
 14424 | Volcano  | Reached skill level 10 in Shields
 14724 | Volcano  | Reached skill level 10 in Axes
 16362 | Lair:3   | Found a staircase to the Snake Pit.
 16375 | Lair:3   | Reached XP level 12. HP: 45/107 MP: 17/17
 16770 | Lair:3   | Found a staircase to the Swamp.
 16803 | Lair:3   | Noticed an eight-headed hydra
 16826 | Lair:3   | Killed a six-headed hydra
 17208 | Lair:3   | Noticed an eight-headed hydra
 17218 | Lair:3   | Killed a three-headed hydra
 17327 | Lair:3   | Noticed a six-headed hydra
 17340 | Lair:3   | Killed a two-headed hydra
 17622 | Lair:3   | Noticed Gastronok
 17631 | Lair:3   | Killed Gastronok
 18231 | Lair:4   | Found a staircase to the Slime Pits.
 18231 | Lair:4   | Found a viscous altar of Jiyva.
 18308 | Lair:4   | Noticed a four-headed hydra
 18315 | Lair:4   | Killed a one-headed hydra
 18385 | Lair:4   | Noticed a five-headed hydra
 18393 | Lair:4   | Killed a three-headed hydra
 18607 | Lair:4   | Noticed a death yak
 18607 | Lair:4   | Noticed a death yak
 18608 | Lair:4   | Noticed a death yak
 18611 | Lair:4   | Noticed a death yak
 18613 | Lair:4   | Noticed a death yak
 18614 | Lair:4   | Noticed a death yak
 18616 | Lair:4   | Killed a death yak
 18619 | Lair:4   | Killed a death yak
 18987 | Lair:4   | Reached skill level 15 in Axes
 19093 | Lair:4   | Noticed a five-headed hydra
 19100 | Lair:4   | Killed a two-headed hydra
 19172 | Lair:4   | Identified the +1 chain mail of the Shoals {Str+9 Int+3
                  | Dex+2 Stlth-}
 19258 | Lair:4   | Killed a death yak
 19265 | Lair:4   | Killed a death yak
 19273 | Lair:4   | Killed a death yak
 19275 | Lair:4   | Killed a death yak
 19581 | Lair:4   | Reached XP level 13. HP: 101/114 MP: 18/18
 19984 | Lair:5   | Entered Level 5 of the Lair of Beasts
 21488 | Lair:5   | HP: 4/114 [spriggan/+0 short sword (11)]
 22646 | Lair:5   | Identified the +3 morningstar "Ophairin" {pain, rPois rC+}
 23013 | D:10     | Entered Level 10 of the Dungeon
 23108 | D:10     | Found a flagged portal.
 23115 | Bailey   | Entered a bailey
 23671 | D:10     | Found a sparkling altar of Nemelex Xobeh.
 23694 | D:10     | Identified a scroll of acquirement
 23695 | D:10     | Acquired the +12 plate armour "Jiojaocu" {Str+6}
 23743 | D:10     | Found a shimmering blue altar of Sif Muna.
 24048 | D:10     | Found a snail-covered altar of Cheibriados.
 24426 | D:11     | Noticed Josephine
 24433 | D:11     | Killed Josephine
 24831 | D:11     | Reached XP level 14. HP: 122/122 MP: 19/19
 25400 | D:12     | Found a staircase to the Orcish Mines.
 26187 | Orc:1    | Entered Level 1 of the Orcish Mines
 26299 | Orc:2    | Entered Level 2 of the Orcish Mines
 26605 | Orc:2    | Found a staircase to the Elven Halls.
 26635 | Orc:2    | Reached skill level 11 in Shields
 26777 | Orc:2    | Noticed an orc warlord
 26816 | Orc:2    | Killed an orc warlord
 27292 | Orc:2    | Found a bloodstained altar of Trog.
 27362 | Orc:2    | Reached skill level 10 in Dodging
 27520 | Orc:2    | Found Fulisuel's Assorted Antiques.
 27520 | Orc:2    | Found Xiesebb's Weapon Emporium.
 27528 | Orc:2    | Found Boiph's Weapon Boutique.
 27528 | Orc:2    | Found Harraj's Weapon Emporium.
 27545 | Orc:2    | Bought a scroll of blinking for 172 gold pieces
 27545 | Orc:2    | Bought a scroll of brand weapon for 218 gold pieces
 27778 | Elf:1    | Entered Level 1 of the Elven Halls
 28028 | Elf:1    | Reached skill level 12 in Shields
 28102 | Elf:1    | Found Jabafoon's Gadget Gallery.
 29291 | Elf:1    | Noticed a deep elf sorcerer
 29299 | Elf:1    | Killed a deep elf sorcerer
 29355 | Elf:1    | Got Dispater's Discursus on Damage Dealing
 29517 | Orc:2    | Lost mutation: You are partially covered in iridescent
                  | scales. (AC +2) [potion of mutation]
 29517 | Orc:2    | Lost mutation: You have an increased reservoir of magic.
                  | (+10% MP) [potion of mutation]
 29517 | Orc:2    | Gained mutation: Your magical capacity is low. (-10% MP)
                  | [potion of mutation]
 29517 | Orc:2    | Gained mutation: Your movements are slightly less
                  | encumbered by armour. (ER -2) [potion of mutation]
 29517 | Orc:2    | Gained mutation: Your flesh is heat resistant. (rF+)
                  | [potion of mutation]
 29752 | Orc:1    | Noticed Snorg
 29762 | Orc:1    | Killed Snorg
 30027 | D:13     | Reached XP level 15. HP: 128/128 MP: 18/18
 30286 | D:13     | Found a frozen archway.
 30292 | IceCv    | Entered an ice cave
 30785 | IceCv    | Found the amulet of the Air {Inacc Air Fly rElec RMsl}
 30952 | D:13     | Identified the +1 robe of Histrionic Knowledge {Will+ rCorr
                  | Dex+3}
 30979 | D:13     | Noticed Jorgrun
 30987 | D:13     | Killed Jorgrun
 31194 | D:13     | Noticed Kirke
 31204 | D:13     | Killed Kirke
 31587 | D:13     | Reached skill level 13 in Shields
 31875 | D:13     | Found a gate to the Vaults.
 32284 | D:14     | Found a shadowy altar of Dithmenos.
 32650 | D:14     | Noticed a storm dragon
 32669 | D:14     | Killed a storm dragon
 32987 | D:15     | Entered Level 15 of the Dungeon
 33036 | D:15     | Found an iron altar of Okawaru.
 33507 | D:15     | Found a snail-covered altar of Cheibriados.
 33542 | D:15     | Reached skill level 10 in Invocations
 34108 | D:15     | Found a staircase to the Depths.
 34652 | Snake:1  | Entered Level 1 of the Snake Pit
 34697 | Snake:1  | Identified the +4 ring mail of Jynaymnuana {rN++}
 34881 | Snake:1  | Reached XP level 16. HP: 134/139 MP: 20/20
 34924 | Snake:1  | Reached skill level 14 in Shields
 35416 | Snake:2  | Found a runed translucent gate.
 35417 | Snake:2  | Found a runed translucent gate.
 35417 | Snake:2  | Found an opulent altar of Gozag.
 35418 | Snake:2  | Found a runed translucent gate.
 35459 | Snake:2  | Noticed zergursh's ghost (journeyman DrBe)
 35893 | Snake:2  | Noticed Louise
 35900 | Abyss:2  | Found a corrupted altar of Lugonu.
 35900 | Abyss:2  | Cast into level 2 of the Abyss (Louise)
 36077 | Snake:2  | Escaped the Abyss
 36089 | Snake:2  | Killed Louise
 37451 | Snake:1  | Killed zergursh's ghost
 38817 | Snake:3  | Reached skill level 15 in Armour
 38817 | Snake:3  | Reached skill level 15 in Shields
 39516 | Snake:3  | Reached XP level 17. HP: 140/151 MP: 22/22
 39776 | Snake:3  | Noticed Mlioglotl
 39783 | Snake:3  | Killed Mlioglotl
 40034 | Snake:4  | Entered Level 4 of the Snake Pit
 40184 | Snake:4  | Found a snail-covered altar of Cheibriados.
 41586 | Snake:4  | Reached skill level 16 in Shields
 41818 | Snake:4  | Got a serpentine rune of Zot
 41928 | Swamp:1  | Entered Level 1 of the Swamp
 42993 | Swamp:1  | Reached skill level 15 in Fighting
 42997 | Swamp:1  | Reached XP level 18. HP: 156/163 MP: 23/23
 43335 | Swamp:1  | Noticed Nikola
 43346 | Swamp:1  | Killed Nikola
 44007 | Swamp:2  | Reached skill level 15 in Dodging
 44596 | Swamp:3  | Identified the +4 trident of the Enemy {vamp, +Blink rF+
                  | rC+}
 45015 | Swamp:3  | Noticed a tentacled monstrosity
 45024 | Swamp:3  | Killed a tentacled monstrosity
 45243 | Swamp:4  | Entered Level 4 of the Swamp
 45364 | Swamp:4  | Noticed Bai Suzhen
 45364 | Swamp:4  | Paralysed by a fenstrider witch for 4 turns
 45376 | Swamp:4  | Paralysed by a fenstrider witch for 4 turns
 45732 | Swamp:4  | Killed Bai Suzhen
 45733 | Swamp:4  | Reached skill level 17 in Shields
 45960 | Swamp:3  | Paralysed by something for 4 turns
 47187 | Swamp:4  | Found a basalt altar of Yredelemnul.
 47666 | Swamp:4  | Found a blossoming altar of Fedhas.
 47976 | Swamp:4  | Got a decaying rune of Zot
 48015 | Swamp:2  | Lost mutation: Your flesh is heat resistant. (rF+) [potion
                  | of mutation]
 48015 | Swamp:2  | Lost mutation: Your movements are slightly less encumbered
                  | by armour. (ER -2) [potion of mutation]
 48015 | Swamp:2  | Lost mutation: Your magical capacity is low. (-10% MP)
                  | [potion of mutation]
 48015 | Swamp:2  | Gained mutation: Your magical capacity is low. (-10% MP)
                  | [potion of mutation]
 48015 | Swamp:2  | Gained mutation: You have hidden genetic defects. [potion
                  | of mutation]
 48015 | Swamp:2  | Gained mutation: You are clumsy. (Dex -2) [potion of
                  | mutation]
 48015 | Swamp:2  | Gained mutation: You possess an exceptional clarity of
                  | mind. [potion of mutation]
 48016 | Swamp:2  | Lost mutation: Your magical capacity is low. (-10% MP)
                  | [potion of mutation]
 48016 | Swamp:2  | Lost mutation: You possess an exceptional clarity of mind.
                  | [potion of mutation]
 48016 | Swamp:2  | Lost mutation: You have hidden genetic defects. [potion of
                  | mutation]
 48016 | Swamp:2  | Gained mutation: You have supernaturally acute eyesight.
                  | (SInv) [potion of mutation]
 48016 | Swamp:2  | Gained mutation: You have hidden genetic potential. [potion
                  | of mutation]
 48016 | Swamp:2  | Gained mutation: Your muscles are strong. (Str +4, Int/Dex
                  | -1) [potion of mutation]
 48016 | Swamp:2  | Gained mutation: You passively map a small area around you.
                  | [potion of mutation]
 48177 | Slime:1  | Entered Level 1 of the Pits of Slime
 48359 | Slime:1  | Reached XP level 19. HP: 112/172 MP: 28/28
 48573 | Slime:1  | Gained mutation: You are occasionally teleported next to
                  | monsters. [a shining eye]
 49206 | Vaults:1 | Entered Level 1 of the Vaults
 49346 | Vaults:1 | Identified the +4 chain mail of Soft Salvation {rElec
                  | Stlth+}
 50277 | Vaults:1 | Found Gaeczac's Weapon Shoppe.
 50712 | Vaults:1 | Reached skill level 18 in Shields
 52454 | Vaults:2 | Gained mutation: You are strong-willed. (Will+) [hidden
                  | potential]
 52639 | Vaults:2 | Found a staircase to the Crypt.
 52639 | Vaults:2 | Found an ancient bone altar of Kikubaaqudgha.
 52640 | Vaults:2 | Found a basalt altar of Yredelemnul.
 52971 | Vaults:2 | Identified the +1 hat of Ycseysarosa {rElec rC+ rN++
                  | Stlth-}
 53571 | Vaults:2 | Reached XP level 20. HP: 163/184 MP: 30/30
 53813 | Vaults:2 | Found Gozag's Antique Armour Shop.
 53815 | Vaults:2 | Found an opulent altar of Gozag.
 53860 | Vaults:2 | Found Gozag's Antique Armour Boutique.
 53863 | Vaults:2 | Found Gozag's Antique Armour Boutique.
 55261 | Vaults:3 | Reached skill level 15 in Invocations
 55913 | Vaults:3 | Reached skill level 19 in Shields
 57079 | Vaults:4 | Noticed Zenata
 57129 | Vaults:4 | Killed Zenata
 57638 | Vaults:4 | Gained mutation: You are robust. (+10% HP) [hidden
                  | potential]
 57638 | Vaults:4 | Lost mutation: You have hidden genetic potential. [hidden
                  | potential expressed]
 58547 | Vaults:4 | Reached XP level 21. HP: 214/214 MP: 31/31
 58595 | Vaults:4 | Noticed Aizul
 58604 | Vaults:4 | Killed Aizul
 58900 | Vaults:4 | Found a transporter.
 58914 | Vaults:4 | Found a transporter.
 58914 | Vaults:4 | Found a transporter.
 58927 | Vaults:4 | Noticed Nornya's ghost (veteran MfSu)
 58943 | Vaults:4 | Noticed a dread lich
 59124 | Vaults:4 | Found a transporter.
 59517 | Elf:2    | Found Laoqehi's General Store.
 59747 | Elf:2    | Found a huge runed translucent gate.
 59747 | Elf:2    | Found a huge runed translucent gate.
 59747 | Elf:2    | Found a huge runed translucent gate.
 59748 | Elf:2    | Found a huge runed translucent gate.
 59760 | Elf:2    | Found a huge runed translucent gate.
 60346 | Elf:2    | Reached skill level 20 in Shields
 60671 | Elf:2    | Bought a potion of haste for 160 gold pieces
 60671 | Elf:2    | Bought a potion of heal wounds for 80 gold pieces
 61120 | Elf:3    | Entered Level 3 of the Elven Halls
 61541 | Elf:3    | Found Loedac's Weapon Emporium.
 62079 | Elf:3    | Identified the +10 rapier "Urphevipats" {flame, *Noise
                  | Int+4}
 62079 | Elf:3    | Identified the +3 robe of Dithmenos's Esteem {Archmagi}
 62079 | Elf:3    | Identified the ring "Saemerol" {Str+6 Dex-3 Slay+4}
 62084 | Elf:3    | Identified the +2 robe "Ubbeixto" {Dex+4}
 62084 | Elf:3    | Identified the ring "Xoel" {rPois rN+ Int+3 Slay+2 SInv}
 62089 | Elf:3    | Identified the +3 spear of Hoedghy {speed, +Blink}
 63269 | Elf:1    | Lost mutation: Your muscles are strong. (Str +4, Int/Dex
                  | -1) [potion of mutation]
 63269 | Elf:1    | Lost mutation: You are occasionally teleported next to
                  | monsters. [potion of mutation]
 63269 | Elf:1    | Lost mutation: You are clumsy. (Dex -2) [potion of
                  | mutation]
 63269 | Elf:1    | Gained mutation: You are highly strong-willed. (Will++)
                  | [potion of mutation]
 63269 | Elf:1    | Gained mutation: You possess an exceptional clarity of
                  | mind. [potion of mutation]
 63681 | Vaults:5 | Entered Level 5 of the Vaults
 63695 | Vaults:5 | Noticed an ancient lich
 63700 | Vaults:5 | Killed an ancient lich
 63747 | Vaults:5 | Reached XP level 22. HP: 169/227 MP: 30/33
 63966 | Vaults:5 | Noticed an ancient lich
 64001 | Vaults:5 | Killed an ancient lich
 64380 | Vaults:5 | Identified the +3 great mace of Gebim {pain, rC+}
 64394 | Vaults:5 | Identified the +8 chain mail of Piacs {rF+ Int-2 Dex+2}
 64722 | Vaults:5 | Reached skill level 21 in Shields
 64724 | Vaults:5 | Noticed a dread lich
 64739 | Vaults:5 | Killed a dread lich
 64766 | Vaults:5 | Noticed a dread lich
 64779 | Vaults:5 | Killed a dread lich
 64927 | Vaults:5 | Found Sig Rala's Weapon Emporium.
 64993 | Vaults:5 | Identified the +9 rapier "Dragon's Death Toll" {drain, rC+}
 65001 | Vaults:5 | Identified the +2 broad axe "Xoxkucw" {freeze, rElec Str+2
                  | Int-5}
 65001 | Vaults:5 | Identified the +2 buckler of Patience {Int+3 Dex+4}
 65007 | Vaults:5 | Noticed a dread lich
 65015 | Vaults:5 | Killed a dread lich
 65315 | Vaults:5 | Identified the +1 robe of Greed {rF+}
 65330 | Vaults:5 | Got a silver rune of Zot
 65577 | Vaults:5 | Identified the +6 flail of Goemijub {freeze, rElec}
 65590 | Vaults:5 | Identified the +1 robe "Atsagh" {Int+4}
 65905 | Vaults:5 | Found Bychoxkeng's Antique Armour Shoppe.
 66122 | Vaults:5 | Identified the ring "Iraym" {Dex+7 SInv}
 66676 | Slime:2  | Reached skill level 22 in Shields
 67012 | Slime:2  | Reached XP level 23. HP: 222/238 MP: 34/34
 67093 | Slime:2  | You fall into a shaft and drop 1 floor!
 67093 | Slime:3  | Found a viscous altar of Jiyva.
 67100 | Slime:3  | Reached skill level 23 in Shields
 68617 | Slime:4  | Reached skill level 24 in Shields
 69101 | Slime:5  | Entered Level 5 of the Pits of Slime
 69299 | Slime:5  | Found a viscous altar of Jiyva.
 69300 | Slime:5  | Noticed the Royal Jelly
 69312 | Slime:5  | Reached skill level 25 in Shields
 69379 | Slime:5  | Killed the Royal Jelly
 69805 | Slime:5  | Got a slimy rune of Zot
 69814 | Slime:5  | Identified the +0 plate armour of Icor {rF+}
 69837 | Slime:5  | Got the Codex of Contamination and Attacks
 69870 | Slime:5  | Identified the +4 pair of gloves "Picul" {+Blink Will+
                  | Dex+3}
 69945 | Slime:5  | Identified the +4 dagger of Suicidal Tendencies {freeze,
                  | Str+3 Int+3 SInv Stlth-}
 70013 | Slime:5  | Reached skill level 26 in Shields
 70516 | Depths:1 | Entered Level 1 of the Depths
 70575 | Depths:1 | Noticed the Enchantress
 70591 | Depths:1 | Killed the Enchantress
 70977 | Depths:1 | Found a corrupted altar of Lugonu.
 71402 | Depths:1 | Noticed Mara
 71412 | Depths:1 | Killed Mara
 71413 | Depths:1 | Reached skill level 27 in Shields
 71444 | Depths:1 | Found a one-way gate to the infinite horrors of the Abyss.
 72017 | Depths:1 | Found a gateway to Hell.
 72385 | Depths:2 | Found a one-way gate leading to the halls of Pandemonium.
 72491 | Depths:2 | Reached XP level 24. HP: 161/248 MP: 31/34
 73094 | Depths:2 | Found a portal to a secret trove of treasure.
 74050 | Depths:2 | Noticed a royal mummy
 74055 | Depths:2 | Killed a royal mummy
 74063 | Depths:2 | Identified the +5 morningstar of the Two Names {vorpal,
                  | rPois Will+ rCorr}
 75635 | Depths:3 | Found a one-way gateway to a ziggurat.
 75993 | Depths:3 | Voluntarily entered the Abyss.
 76069 | Abyss:4  | Reached skill level 1 in Spellcasting
 76338 | Abyss:4  | Noticed a dread lich
 76349 | Depths:3 | Escaped the Abyss
 76621 | Depths:3 | Voluntarily entered the Abyss.
 76905 | Abyss:4  | Reached skill level 5 in Spellcasting
 77083 | Abyss:5  | Found a basalt altar of Yredelemnul.
 77160 | Abyss:5  | Paralysed by you for 4 turns
 77220 | Abyss:5  | Found a corrupted altar of Lugonu.
 77225 | Abyss:5  | Reached XP level 25. HP: 237/256 MP: 34/34
 77409 | Abyss:5  | Gained mutation: You are clumsy. (Dex -2) [a cacodemon]
 77503 | Depths:3 | Escaped the Abyss
 77756 | Depths:3 | Voluntarily entered the Abyss.
 77947 | Abyss:5  | Reached skill level 10 in Spellcasting
 77960 | Depths:3 | Escaped the Abyss
 78213 | Zig:1    | Entered Level 1 of a ziggurat
 78230 | Zig:2    | Entered Level 2 of a ziggurat
 78230 | Zig:2    | Noticed a Killer Klown
 78237 | Zig:2    | Killed a Killer Klown
 78248 | Zig:3    | Entered Level 3 of a ziggurat
 78262 | Zig:3    | Identified the ring of Finality {rC+ EV+4}
 78281 | Zig:4    | Entered Level 4 of a ziggurat
 78330 | Zig:4    | Found the dreamshard necklace {*Dream Drain}
 78370 | Zig:5    | Entered Level 5 of a ziggurat
 78413 | Zig:5    | Noticed a dread lich
 78424 | Zig:5    | Killed a dread lich
 78428 | Zig:5    | Identified the +6 arbalest of Fragile Peace {freeze,
                  | Stlth+}
 78433 | Zig:5    | Identified the ring of Weiwir {*Slow rC+ rCorr MP+9 Dex+4}
 78443 | Zig:6    | Entered Level 6 of a ziggurat
 78477 | Zig:6    | Noticed a Killer Klown
 78478 | Zig:6    | Noticed a Killer Klown
 78478 | Zig:6    | Noticed a Killer Klown
 78480 | Zig:6    | a Killer Klown changed into an iron giant
 78490 | Zig:6    | Killed a Killer Klown
 78498 | Zig:6    | Identified the +1 ring mail of Abstinence {rF+ SInv}
 78499 | Zig:6    | a Killer Klown changed into a titan
 78622 | Zig:6    | Reached XP level 26. HP: 266/266 MP: 36/37
 78652 | Zig:7    | Entered Level 7 of a ziggurat
 78815 | Zig:8    | Entered Level 8 of a ziggurat
 78826 | Zig:8    | Noticed an ancient lich
 78826 | Zig:8    | Found the +3 Elemental Staff {rElec rF++ rC++ AC+5}
 78827 | Zig:8    | Noticed an ancient lich
 78838 | Zig:8    | Killed an ancient lich
 78841 | Zig:8    | Killed an ancient lich
 78874 | Zig:8    | Identified the +0 ring mail "Tuic" {+Inv Str+4}
 78892 | Zig:8    | Reached XP level 27. HP: 272/272 MP: 37/38
 78896 | Zig:8    | Learned a level 2 spell: Wereblood
 78911 | Zig:9    | Entered Level 9 of a ziggurat
 78939 | Zig:9    | Reached skill level 1 in Transmutations
 78943 | Zig:9    | HP: 10/272 [Tzitzimitl (9)]
 78954 | Zig:9    | HP: 13/272 [poisoned by a tainted leviathan (dark miasma)]
 79451 | Depths:2 | You paid a toll of 15 scrolls of teleportation to enter a
                  | treasure trove
 79452 | Trove    | Entered a treasure trove
 79489 | Trove    | Got Sif Muna's Anthology of Doomed Adjuration
 80346 | Depths:4 | Entered Level 4 of the Depths
 80346 | Depths:4 | Noticed a juggernaut
 80354 | Depths:4 | Killed a juggernaut
 80985 | Depths:4 | Found Xograc's Book Boutique.
 80988 | Depths:4 | Bought a book of the Senses for 608 gold pieces
 81016 | Depths:4 | Reached skill level 1 in Hexes
 81350 | Depths:4 | Found a gate to the Realm of Zot.
 81694 | Zot:1    | Entered Level 1 of the Realm of Zot
 81735 | Zot:1    | Identified the ring of the Cockroach {EV+4 Dex+4 Slay+2}
 81834 | Zot:1    | Noticed an orb of fire
 81837 | Zot:1    | Gained mutation: Your body sometimes deteriorates upon
                  | taking damage. [an orb of fire]
 81843 | Zot:1    | Killed an orb of fire
 81844 | Zot:1    | Reached skill level 5 in Transmutations
 82681 | Zot:2    | Reached skill level 5 in Hexes
 82804 | Zot:2    | Found a transporter.
 83782 | Zot:2    | Found a transporter.
 83877 | Zot:2    | Identified the +3 whip of Murem {venom, rC+ MP+9 Int+4}
 84573 | Zot:2    | Noticed an orb of fire
 84582 | Zot:2    | Gained mutation: You are very clumsy. (Dex -4) [an orb of
                  | fire]
 84586 | Zot:2    | Gained mutation: You occasionally lose the ability to drink
                  | potions when taking damage. [an orb of fire]
 84593 | Zot:2    | Gained mutation: You are weak. (Str -2) [an orb of fire]
 84594 | Zot:2    | Killed an orb of fire
 84979 | Zot:2    | Lost mutation: You are very clumsy. (Dex -4) [potion of
                  | mutation]
 84979 | Zot:2    | Lost mutation: You have supernaturally acute eyesight.
                  | (SInv) [potion of mutation]
 84979 | Zot:2    | Lost mutation: You occasionally lose the ability to drink
                  | potions when taking damage. [potion of mutation]
 84979 | Zot:2    | Lost mutation: You passively map a small area around you.
                  | [potion of mutation]
 84979 | Zot:2    | Gained mutation: You expend magic power (3 MP) to
                  | strengthen your wands. [potion of mutation]
 84996 | Zot:2    | Identified the ring of Dawn {rF+ rC+ AC+4 Stlth+}
 85008 | Zot:2    | Identified the amulet of Yendor {Spirit Harm Will+ rCorr
                  | Dex+4}
 85544 | Zot:3    | Identified the +2 long sword of the Globe {freeze, *Corrode
                  | Fly rElec Dex+7}
 86359 | Zot:4    | Learned a level 4 spell: Cause Fear
 86398 | Zot:4    | Learned a level 5 spell: Silence
 86971 | Zot:4    | Found a transporter.
 86971 | Zot:4    | Found a transporter.
 87198 | Zot:4    | Identified the ring "Hocvidgh" {rN+ Will- MP+9 Int+3
                  | Slay+2}
 87237 | Zot:4    | Found the +4 dragonskin cloak
 87237 | Zot:4    | Noticed Tiamat
 88215 | Zot:4    | Killed Tiamat
 88406 | Zot:4    | Found a transporter.
 88420 | Zot:4    | Found a transporter.
 88698 | Zot:5    | Entered Level 5 of the Realm of Zot
 89200 | Zot:5    | Noticed an orb of fire
 89209 | Zot:5    | Killed an orb of fire
 89376 | Zot:5    | Noticed a dread lich
 89381 | Zot:5    | Reached skill level 10 in Hexes
 89386 | Zot:5    | Killed a dread lich
 89436 | Zot:5    | Noticed a dread lich
 89436 | Zot:5    | Noticed a dread lich
 89450 | Zot:5    | Killed a dread lich
 89454 | Zot:5    | Noticed an ancient lich
 89456 | Zot:5    | Killed a dread lich
 89466 | Zot:5    | Killed an ancient lich
 89467 | Zot:5    | Reached skill level 10 in Transmutations
 89471 | Zot:5    | Noticed a dread lich
 89473 | Zot:5    | Noticed a dread lich
 89483 | Zot:5    | Noticed an orb of fire
 89487 | Zot:5    | Killed a dread lich
 89493 | Zot:5    | Killed a dread lich
 89505 | Zot:5    | Gained mutation: You are very weak. (Str -4) [an orb of
                  | fire]
 89510 | Zot:5    | Killed an orb of fire
 89931 | Zot:5    | Noticed an orb of fire
 89938 | Zot:5    | Noticed an ancient lich
 89939 | Zot:5    | Noticed an ancient lich
 89941 | Zot:5    | Noticed an ancient lich
 89945 | Zot:5    | Killed an orb of fire
 89946 | Zot:5    | Noticed an orb of fire
 89952 | Zot:5    | Killed an ancient lich
 89954 | Zot:5    | Noticed an ancient lich
 89959 | Zot:5    | Gained mutation: Potions are less effective at restoring
                  | your health. [an orb of fire]
 89961 | Zot:5    | Killed an ancient lich
 89965 | Zot:5    | Killed an ancient lich
 89966 | Zot:5    | Reached skill level 15 in Spellcasting
 89974 | Zot:5    | Gained mutation: You are occasionally teleported next to
                  | monsters. [an orb of fire]
 89994 | Zot:5    | Gained mutation: Your magical capacity is low. (-10% MP)
                  | [an orb of fire]
 89996 | Zot:5    | Killed an orb of fire
 90010 | Zot:5    | Killed an ancient lich
 90493 | Zot:5    | Got the Orb of Zot
 90741 | Depths:4 | Lost mutation: You possess an exceptional clarity of mind.
                  | [a cacodemon]
 91181 | D:$      | Escaped with the Orb!

Illustrated notes

Levels and vault maps discovered:
D:1:      dpeg_arrival_court, layout_loops_ring,
          shapermc_ecumenical_altar_rom_forum, minmay_lizard_king
D:2:      layout_loops_ring, minmay_misc_feat_room,
          minmay_randomly_rotated_circles
D:3:      layout_basic, gammafunk_ghost_mausoleum, serial_shops, shop
D:4:      layout_basic, xom_confusion_cloud,
          mainiacjoe_overflow_concentric_impassable, enter_ossuary_1,
          serial_corexii_hall, corexii_hall_statues_i, corexii_hall_statues_l,
          chequers_hall_statues_wall_a
D:5:      layout_basic, fedhas_altar_3, minmay_temple_entry_waves
D:6:      kennysheep_spiral_hall, layout_loops_ring,
          gammafunk_temple_overflow_elements, moated_statue, uniq_menkaure,
          uniq_edmund, uniq_blork_the_orc
D:7:      layout_cave_pods, minmay_misc_feat_nine_boxes
D:8:      layout_cave_pools, lair_entry_dummy
D:9:      layout_long_grid, lemuel_tele_altar
D:10:     layout_basic, general_overflow_altar,
          mainiacjoe_overflow_catch_the_wave, enter_bailey_2
D:11:     hellmonk_paralyzer, layout_basic, interstate_on_off, uniq_josephine
D:12:     layout_basic, hiddenorc2_lemuel
D:13:     layout_stronghold, grunt_vaults_entry_tiered,
          portal_ice_cave_entry_pillars_2, uniq_kirke, uniq_jorgrun
D:14:     layout_irregular_city, nicolae_dithmenos_the_darkroom,
          kennysheep_just_a_vault
D:15:     hangedman_depths_entry_try_elsewhere_first, layout_loops_corners,
          cheibriados_altar_1, okawaru_ov_weapons_minmay
Lair:1:   layout_cellular_growth, minivault_11, grunt_megastairs_5,
          infiniplex_staircase_pool_2
Lair:2:   layout_loops_ring, nicolae_volcano_entry_s_turn, lemuel_fruit_fields,
          serial_bayou_shore_a, lemuel_fruit_tree
Lair:3:   layout_hall_layers, swamp_mist, guppyfry_snake_entry_garden,
          uniq_gastronok
Lair:4:   layout_cave_shapes, slime_entry_1
Lair:5:   minmay_lair_end_enchanted_forest, layout_long_grid
Swamp:1:  nicolae_swamp_flooded_prison, layout_basic_swamp, hangedman_swamp_pad,
          uniq_nikola
Swamp:2:  layout_basic_swamp, nicolae_swamp_well_well_well
Swamp:3:  layout_basic_swamp, evilmike_swamp_ruin_house_1, swamp_pool4
Swamp:4:  byrel_swamp_growth_death_and_undeath, layout_basic_swamp,
          uniq_bai_suzhen
Snake:1:  layout_cave_shapes, grunt_megastairs_1
Snake:2:  layout_grid_maze, special_room, ebering_ghost_gozag, drop_trap,
          grunt_ministairs_4, nicolae_snake_coiling_death, uniq_louise
Snake:3:  layout_misc_corridors, uniq_mlioglotl
Snake:4:  grunt_snake_rune_serpentine_throne, layout_cave_town, basic_altar
Slime:1:  layout_caves
Slime:2:  layout_caves, cheibrodos_slime_lost_civilization_5
Slime:3:  layout_caves, basic_altar
Slime:4:  layout_caves, nicolae_slime_barrier, nicolae_slime_welcoming_committee
Slime:5
Orc:1:    layout_caves, uniq_snorg
Orc:2:    grunt_orc_tribal_feast, layout_caves, basic_altar
Elf:1:    elf_arrival_001, layout_gridlike, minmay_elf_sorcery,
          hangedman_glass_teeth, nicolae_shop_gadgets
Elf:2:    elven_hall_of_blades_hangedman_alternative
          [nicolae_blade_entry_area_security], layout_loops_cross, serial_shops,
          shop
Elf:3:    grunt_elf_hall_asides, layout_geoelf_octagon, serial_shops,
          shop_statue, nicolae_elf_glass_and_crystal_pillar_2
Vaults:1: vaults_room_octagon, v_alt_pattern_2, ontoclasm_vaults_ring_square,
          nicolae_vaults_know_your_exits, nicolae_vaults_specimen_jars,
          hangedman_vaults_maws, nicolae_vaults_yaktaur_gun_rack,
          vaults_mumra_hex, layout_vaults_chaotic_city, serial_shops,
          nicolae_shop_bloodbath_and_beyond
Vaults:2: v_misc_26, nicolae_vaults_big_ls, kennysheep_vaults_gozag_temple,
          minmay_crypt_entry_necro_gods, vaults_room_boxed,
          nicolae_vaults_circle_grid_b, serial_ice_h, vaults_room_semicircle,
          layout_vaults_quadrants
Vaults:3: hangedman_vaults_slice, nicolae_vaults_little_squares_2, v_misc_3,
          nicolae_vaults_arrows, vaults_dpeg_emergency_exit, v_misc_13,
          nicolae_vaults_little_squares_5, ontoclasm_vaults_chip,
          hangedman_vaults_stretched_pinwheel, v_misc_15,
          nicolae_vaults_circle_grid_a, v_pattern_1,
          nicolae_vaults_sealed_display, layout_vaults_omnibox
Vaults:4: nzn_ghost_randoct, emtedronai_trogs_sanctum,
          nicolae_vaults_circle_grid_b, ontoclasm_vaults_spin, vaults_room_grid,
          vaults_room_grunt_arrival_ludios, v_misc_22, grunt_vaults_funnel,
          nicolae_vaults_network_quincunx
          [nicolae_vaults_network_quincunx_subvault,
          nicolae_vaults_network_quincunx_subvault,
          nicolae_vaults_network_quincunx_subvault,
          nicolae_vaults_network_quincunx_subvault,
          nicolae_vaults_network_quincunx_subvault], grunt_vaults_diagonal,
          vaults_dpeg_encased_lava, ontoclasm_vaults_idyll,
          nicolae_vaults_asterisk, hangedman_vaults_restitches,
          layout_vaults_maze, uniq_zenata, uniq_aizul
Vaults:5: serial_shops
Depths:1: layout_cave_shapes, pf_coc_iceberg, nicolae_integral_box,
          minmay_room_of_horrors, kennysheep_big_empty_room, hex_large,
          tgw_lugonu_bribe, uniq_mara, uniq_enchantress
Depths:2: lemuel_minitomb, layout_small_grid, rand_demon_pan_entry_4,
          nicolae_trove_entry_diagonal, hell_entry, nrook_mini_vaults,
          kennysheep_random_hallway, infiniplex_staircase_split_hallway
Depths:3: minmay_box_of_statues, layout_cave_pools, enter_ziggurat_e,
          abyss_entry_crystal, hell_entry, grunt_pan_entry_in_and_out,
          minmay_tree_intersection
Depths:4: evilmike_zot_entry_round, layout_gridville, hell_entry, serial_shops,
          nicolae_shop_stone, hangedman_abyss_entry_splay, minmay_hedge_maze
Zot:1:    layout_cellular_growth
Zot:2:    gammafunk_its_a_trap, layout_cathedral_of_symmetry
Zot:3:    layout_cathedral_of_symmetry
Zot:4:    layout_basic, nicolae_diode_quadrants, uniq_tiamat
Zot:5:    layout_gridlike

Skill      XL: |  1  2  3  4  5  6  7  8  9 10 11 12 13 14 15 16 17 18 19 20 21 22 23 24 25 26 27 |
---------------+----------------------------------------------------------------------------------+-----
Fighting       | 4 5 6 8 9 10 12 13 15 16 17 18 19 20 | 20.6
Armour         | 4 5 6 8 9 10 12 13 15 16 17 18 19 20 21 22 23 | 23.8
Shields        | 4 5 6 8 9 10 12 13 15 16 17 18 19 20 22 27 | 27.0
Axes           | 3 4 5 6 7 9 10 16 20 | 20.1
Dodging        | 1 2 3 5 6 7 9 10 12 13 14 15 16 17 18 19 20 21 | 21.9
Invocations    | 1 2 3 4 5 6 8 10 11 12 13 14 15 16 17 | 17.9
Spellcasting   | 6 11 12 15 | 15.3
Transmutations | 11 | 11.4
Hexes          | 11 | 11.4

Action                   |  1- 3 |  4- 6 |  7- 9 | 10-12 | 13-15 | 16-18 | 19-21 | 22-24 | 25-27 || total
-------------------------+-------+-------+-------+-------+-------+-------+-------+-------+-------++-------
Melee: War axe           |    98 |   131 |   235 |   290 |    83 |       |       |       |       ||   837
       Headbutt          |     8 |    26 |    34 |    85 |   206 |   227 |   313 |   399 |   394 ||  1692
       Battleaxe         |       |       |       |   109 |   238 |       |       |       |       ||   347
       Broad axe         |       |       |       |       |   688 |   977 |  1132 |  1204 |  1145 ||  5146
       Hand axe          |       |       |       |       |    15 |    56 |       |       |       ||    71
 Cast: Wereblood         |       |       |       |       |       |       |       |       |    11 ||    11
Invok: Heal Self         |       |     1 |     1 |    12 |     9 |    11 |    23 |     7 |    17 ||    81
       Purification      |       |       |     2 |     2 |     2 |     2 |       |       |       ||     8
       Divine Vigour     |       |       |       |     1 |       |     1 |       |       |       ||     2
Evoke: Wand              |       |       |     2 |     8 |     5 |       |       |       |       ||    15
       Phantom mirror    |       |       |       |       |       |       |       |     1 |       ||     1
  Use: Scroll            |       |     5 |    10 |     8 |    18 |    14 |     9 |     5 |    10 ||    79
       Potion            |       |     4 |     5 |     5 |     8 |     4 |     9 |     7 |    28 ||    70
 Stab: Invisible         |       |       |     2 |     1 |       |       |       |       |       ||     3
       Distracted        |       |       |       |       |    13 |    18 |    20 |    17 |    31 ||    99
Armor: Scale mail        |    68 |    68 |       |       |       |       |       |       |       ||   136
       Chain mail        |       |       |   140 |   233 |   120 |       |       |       |       ||   493
       Plate armour      |       |       |       |       |   304 |   672 |   372 |   296 |   203 ||  1847
       Gold dragon scale |       |       |       |       |       |       |       |       |   123 ||   123
Dodge: Dodged            |    39 |    56 |   105 |   196 |   326 |   434 |   268 |   269 |   372 ||  2065
Block: Buckler           |    32 |    25 |    52 |    22 |       |       |       |       |       ||   131
       Tower shield      |       |       |       |   118 |   416 |   874 |   227 |       |       ||  1635
       Kite shield       |       |       |       |     4 |       |       |   424 |   755 |   930 ||  2113
       Reflection        |       |       |       |       |       |       |       |    28 |    27 ||    55
